 Dungeon Crawl Stone Soup version 0.21.1-1-g345015f (webtiles) character file.

30 inc the Scratcher (level 3, -1/17 HPs)
             Began as a Felid Chaos Knight on Feb 22, 2018.
             Slain by a worker ant (4 damage)
             ... on level 2 of the Dungeon.
             The game lasted 00:02:11 (1165 turns).

inc the Scratcher (Felid Chaos Knight)              Turns: 1165, Time: 00:02:13

Health: -1/17      AC:  1    Str:  8    XL:     3   Next: 5%
Magic:  4/4        EV: 18    Int: 14    God:    Xom [.....*]
Gold:   23         SH:  0    Dex: 15    Spells: 2/2 levels left
                                        Lives:  0   Deaths: 0

rFire    + . .     SeeInvis +     - Unarmed
rCold    + . .     Gourm    .   (shield unavailable)
rNeg     . . .     Faith    .   (armour unavailable)
rPois    +         Spirit   .   (helmet unavailable)
rElec    +         Reflect  .   (cloak unavailable)
rCorr    +         Harm     .   (gloves unavailable)
MR       .....                  (boots unavailable)
Stlth    ++........             (no amulet)
HPRegen  0.05/turn              (no ring)
MPRegen  0.09/turn              (no ring)

@: lethally poisoned (-1 -> -11), resistant, cleaving, quick
A: very small, no armour, no weapons or thrown items, stealth, claws 1, fangs 3,
see invisible, carnivore, speed 1, shaggy fur 1, slow metabolism 1, sharp paws
a: Renounce Religion


You were on level 2 of the Dungeon.
You worshipped Xom.
You were Xom's teddy bear.
You were not hungry.

You visited 1 branch of the dungeon, and saw 2 of its levels.

You collected 23 gold pieces.

Inventory:

Scrolls
 b - 2 scrolls of enchant weapon {unknown}
 c - a scroll of random uselessness {unknown}
 d - a scroll of identify {unknown}
Comestibles
 a - 4 rations


   Skills:
 - Level 3.0 Fighting
 - Level 3.2 Dodging
 + Level 0.4 Stealth
 - Level 4.2 Unarmed Combat


You had 2 spell levels left.
You didn't know any spells.

Dungeon Overview and Level Annotations

Branches:
Dungeon (2/15)

Altars:


Innate Abilities, Weirdness & Mutations

You cannot wear armour.
You are incapable of wielding weapons or throwing items.
Your paws allow you to move quietly. (Stealth)
You have sharp claws.
You have razor-sharp teeth.
You have supernaturally acute eyesight. (SInv)
You are carnivorous and can eat meat at any time.
You cover ground quickly.
You are covered in fur. (AC +1)
You have a slow metabolism.
Your sharp claws are effective at attacking unaware monsters.


Message History

"Go forth and destroy!"
Your paws look sharp.
You are now Xom's teddy bear.
The worker ant closely misses you. x2
You scratch the worker ant.
The worker ant is almost dead.
The kobold throws a stone.
The stone misses you. The worker ant bites you.
You scratch the worker ant but do no damage.
The worker ant is almost dead.
The worker ant bites you.
* * * LOW HITPOINT WARNING * * *
You are lethally poisoned!
The worker ant poisons you!
You barely miss the worker ant.
The worker ant is almost dead.
You scratch the kobold.
You kill the kobold!
* * * LOW HITPOINT WARNING * * *
You feel sick. The worker ant bites you.
You die...

##### .....
#...
###...#### ♣
.........♣♣.♣
......a(...♣
.......@.♣
##....##[♣
#... #(# #..
#.# #..####.#
#....<..#
##.######


You could see a worker ant.

Vanquished Creatures
  A dart slug (D:1)
  2 bats (D:1)
  3 goblins (D:1)
  2 hobgoblins (D:1)
  6 jackals (D:1)
  2 frilled lizards (D:1)
  5 kobolds
  6 rats (D:1)
27 creatures vanquished.

Notes
Turn   | Place    | Note
-------+----------+-------------------------------------------
     0 | D:1      | inc the Felid Chaos Knight began the quest for the Orb.
     0 | D:1      | Reached XP level 1. HP: 10/10 MP: 2/2
   239 | D:1      | Reached XP level 2. HP: 14/14 MP: 3/3
   274 | D:1      | XOM: silly message
   277 | D:1      | XOM: silly message
   525 | D:1      | XOM: divination: detect items
   556 | D:1      | Reached skill level 4 in Unarmed Combat
   692 | D:1      | XOM: harmless Chrm miscast
   781 | D:1      | XOM: divination: magic mapping
   913 | D:1      | XOM: butterfly on damage
   930 | D:1      | Reached XP level 3. HP: 9/17 MP: 4/4
  1112 | D:1      | XOM: harmless Summ miscast
  1162 | D:2      | XOM: cleaving
  1165 | D:2      | Slain by a worker ant

Skill      XL: |  1  2 |
---------------+-------+-----
Unarmed Combat | 4 |  4.2
Fighting       | |  3.0
Dodging        | |  3.2
Stealth        | |  0.4

Action                   || total
-------------------------++-------
Melee: Unarmed           ||    79
       Bite              ||     3
       Punch             ||     2
  Use: Potion            ||     2
 Stab: Sleeping          ||     2
  Eat: Chunk             ||     3
Armor: Skin              ||     5
Dodge: Dodged            ||    68
